 Dungeon Crawl Stone Soup version 0.29.0-4-gdea44cf6ec (webtiles) character file.

Game seed: 6661395685048684772

2 qw the Sneak (level 1, -5/14 HPs)
             Began as a Gargoyle Delver on Sept 10, 2022.
             Slain by an ice beast (11 damage)
             ... on level 5 of the Dungeon.
             The game lasted 00:00:02 (275 turns).

qw the Sneak (Gargoyle Delver)                       Turns: 275, Time: 00:00:03

Health: -5/14      AC:  5    Str: 15    XL:     1   Next: 30%
Magic:  1/1        EV: 11    Int: 10    God:
Gold:   0          SH:  0    Dex: 11    Spells: 0/0 levels left

rFire   . . .      SeeInvis .   a - +0 hand axe
rCold   . . .      Faith    .   (no shield)
rNeg    + . .      Spirit   .   b - +0 leather armour
rPois   inf        Reflect  .   (no helmet)
rElec   +          Harm     .   (no cloak)
rCorr   .          Rampage  .   (no gloves)
Will    .....                   (no boots)
Stlth   +++.......              (no amulet)
HPRegen 0.04/turn               (no ring)
MPRegen 0.07/turn               (no ring)

@: no status effects
A: sickness immunity, AC +2, negative energy resistance 1, electricity
resistance, torment resistance 1, petrification resistance
a: no special abilities


You were on level 5 of the Dungeon.
You visited 1 branch of the dungeon, and saw 1 of its levels.


Innate Abilities, Weirdness & Mutations

You are immune to sickness and miasma.
Your stone body is resilient. (AC +2)
You are immune to poison.
You resist negative energy. (rN+)
You are resistant to electric shocks. (rElec)
You are resistant to unholy torment.
You are immune to petrification.


   Skills:
 - Level 3.2 Fighting
 + Level 2.0 Axes
 - Level 1.5 Dodging
 - Level 5.4 Stealth


You couldn't memorise any spells.
You didn't know any spells.
Your spell library was empty.

Inventory:

Hand Weapons
 a - a +0 hand axe (weapon)
Armour
 b - a +0 leather armour (worn)
Wands
 g - a wand of digging (3)
Scrolls
 c - a scroll of fog
 d - a scroll of magic mapping
 e - a scroll of fear
 h - a scroll of amnesia {unknown}
Potions
 f - a potion of haste

Dungeon Overview and Level Annotations

Branches:
Dungeon (5/15)
 Temple: D:4-7

Altars:


Message History

Done waiting.
237 ||| Stepping ~*~*~tactically~*~*~ (hiding).
You start waiting.
An ice beast comes into view.
248 ||| Stepping ~*~*~tactically~*~*~ (stealth).
250 ||| Stepping ~*~*~tactically~*~*~ (hiding).
You start waiting.
An ice beast is nearby!
263 ||| Stepping ~*~*~tactically~*~*~ (stealth).
264 ||| Stepping ~*~*~tactically~*~*~ (stealth).
The orc priest shouts!
An orc wizard comes into view. It is wielding a +0 dagger.
268 ||| Stepping ~*~*~tactically~*~*~ (hiding).
You start waiting.
An orc priest is nearby!
An orc comes into view. It is wielding a +0 short sword.
The orc shouts!
The orc wizard shouts!
You hear a shout!
You hit the orc.
The orc is heavily wounded.
The orc barely misses you.
An orc comes into view. It is wielding a +0 trident.
You hit the orc.
You kill the orc!
Your Axes skill increases to level 2!
You hit the orc priest but do no damage.
You closely miss the ice beast.
The ice beast hits you but does no damage.
The orc priest hits you with a +0 falchion.
You hit the orc priest.
The orc priest is lightly wounded.
You completely miss the ice beast.
The ice beast hits you but does no damage.
The orc priest hits you with a +0 falchion.
The orc priest barely misses you. The ice beast barely misses you.
You barely miss the orc priest.
The orc priest is lightly wounded.
You hit the ice beast. The orc priest misses you. The ice beast hits you.
The ice beast freezes you!
Ouch! That really hurt!
You die...

#...#### #
##.!.... #.
#......
###.##.....
.....#....
.##...... .#
....o.Yo# #.#
#@#### #.#
#....#### #.#
####....####.#
####...##.#
###..#.#####
##...#....
##..#....
####......
#.........


You could see an ice beast, an orc priest and an orc wizard.

Vanquished Creatures
  An orc (D:5)
1 creature vanquished.

Notes
Turn   | Place    | Note
-------+----------+-------------------------------------------
     0 | D:5      | qw the Gargoyle Delver began the quest for the Orb.
     0 | D:5      | Reached XP level 1. HP: 14/14 MP: 1/1
     0 | D:5      | 0 ||| qw: Version: 0.1-a-116-g5d60599
     0 | D:5      | 0 ||| qw: Game counter: 9303
     0 | D:5      | 0 ||| qw: Always use a shield: true
     0 | D:5      | 0 ||| qw: God list: Okawaru
     0 | D:5      | 0 ||| qw: Allow faded altars: false
     0 | D:5      | 0 ||| qw: Do Orc after D:15 true
     0 | D:5      | 0 ||| qw: Do second Lair branch before Depths: true
     0 | D:5      | 0 ||| qw: Lair rune preference: random
     0 | D:5      | 0 ||| qw: Plans: Normal
     0 | D:5      | 0 ||| PLANNING D:1-11
    32 | D:5      | Noticed an orc priest
    33 | D:5      | 33 ||| Stepping ~*~*~tactically~*~*~ (hiding).
   135 | D:5      | 135 ||| Stepping ~*~*~tactically~*~*~ (hiding).
   237 | D:5      | 237 ||| Stepping ~*~*~tactically~*~*~ (hiding).
   245 | D:5      | Noticed an ice beast
   248 | D:5      | 248 ||| Stepping ~*~*~tactically~*~*~ (stealth).
   250 | D:5      | 250 ||| Stepping ~*~*~tactically~*~*~ (hiding).
   263 | D:5      | 263 ||| Stepping ~*~*~tactically~*~*~ (stealth).
   264 | D:5      | 264 ||| Stepping ~*~*~tactically~*~*~ (stealth).
   267 | D:5      | Noticed an orc wizard
   268 | D:5      | 268 ||| Stepping ~*~*~tactically~*~*~ (hiding).
   275 | D:5      | Slain by an ice beast

Levels and vault maps discovered:
D:5:      minmay_razor_zed, layout_basic, guppyfry_early_lair_pool

Skill      XL: |  1 |
---------------+----+-----
Axes           | 2 |  2.0
Fighting       | |  3.2
Dodging        | |  1.5
Stealth        | |  5.4

Action                   || total
-------------------------++-------
Melee: Hand axe          ||     5
Armor: Leather armour    ||     2
Dodge: Dodged            ||     4

Table legend:
 A = Non-vault XP
 B = Vault XP
 C = Vault XP percentage of total XP
 D = Non-vault monster count
 E = Vault monster count
 F = Vault count percentage of total count
                 A         B        C        D         E       F
            +---------+---------+-------+---------+---------+-------
      Total |       3 |       0 |   0.0 |       1 |       0 |   0.0
            +---------+---------+-------+---------+---------+-------
        D:5 |       3 |       0 |   0.0 |       1 |       0 |   0.0
            +---------+---------+-------+---------+---------+-------
